3R
SHADY SIDE ZOOMIES @ ATHLETIC CLUB KC U-21
07/16/2042
 
TOP OF THE 1ST
Shady Side Zoomies batting - Pitching for Athletic Club KC U-21 : LHP Jorge Rodríguez
Pitching: LHP Jorge Rodríguez
Batting: RHB Kennet Knoppert 0-0: Called Strike
0-1: Foul Ball, location: 2F
0-2: DOUBLE (Line Drive, 8LD, EV 105.6 MPH)
Batting: LHB Stan James 0-0: Called Strike
0-1: Ball
1-1: Called Strike
1-2: Strikes out swinging
Batting: LHB Martín Flores 0-0: Ball
1-0: Called Strike
1-1: Called Strike
1-2: Strikes out looking
Batting: LHB Jeremy Payne 0-0: Ball
1-0: Ground out 6-3 (Groundball, 6, EV 90.0 MPH)
Top of the 1st over - 0 runs, 1 hit, 0 errors, 1 left on base; Shady Side 0 - Athletic Club KC 0
BOTTOM OF THE 1ST
Athletic Club KC U-21 batting - Pitching for Shady Side Zoomies : LHP Jeff Daniel
Pitching: LHP Jeff Daniel
Batting: SHB John Richardson 0-0: Ball
1-0: Ball
2-0: Ball
3-0: Base on Balls
Batting: RHB Moises Fernán 0-0: Foul Ball, location: 2F
0-1: Ball
1-1: Fly out, F9 (Flyball, 9S, EV 87.5 MPH)
Batting: LHB Arthur Witter 0-0: Ball
1-0: Ball
2-0: Called Strike
2-1: Ball
3-1: Swinging Strike
3-2: Foul Ball, location: 2F
3-2: Base on Balls
John Richardson to second
Batting: RHB Mitsuoki Imamura 0-0: Ball
1-0: Ball
2-0: Ball
3-0: Called Strike
3-1: Base on Balls
John Richardson to third
Arthur Witter to second
Batting: SHB Katsuya Nomura 0-0: Hit by Pitch
John Richardson scores
Arthur Witter to third
Mitsuoki Imamura to second
Batting: LHB Brian Keys 0-0: Called Strike
0-1: Called Strike
0-2: Fly out, F7 (Flyball, 7S, EV 89.4 MPH)
Batting: RHB Jake Young 0-0: Swinging Strike
0-1: Called Strike
0-2: Fly out, F8 (Line Drive, 8LD, EV 92.5 MPH)
Bottom of the 1st over - 1 run, 0 hits, 0 errors, 3 left on base; Shady Side 0 - Athletic Club KC 1
TOP OF THE 2ND
Shady Side Zoomies batting - Pitching for Athletic Club KC U-21 : LHP Jorge Rodríguez
Batting: RHB Dan Moreno 0-0: Called Strike
0-1: Foul Ball, location: 2F
0-2: Foul Ball, location: 2F
0-2: Strikes out swinging, 2-3 out at first.
Batting: SHB Kazuyuki Yagi 0-0: SINGLE (Line Drive, 4M, EV 104.4 MPH)
Batting: RHB Pedro Marrero 0-0: Ball
1-0: Foul Ball, location: 2F
1-1: Ball
2-1: Foul Ball, location: 2F
2-2: Foul Ball, location: 2F
2-2: Foul Ball, location: 2F
2-2: Strikes out swinging
Batting: RHB Roy Howard 0-0: Called Strike
0-1: SINGLE (Flyball, 89S, EV 95.0 MPH)
Kazuyuki Yagi to second
Runner from 2nd tries for 3rd, SAFE, no throw by RF
Batting: RHB Chad MacLeod 0-0: Ball
1-0: SINGLE (Line Drive, 8RS, EV 103.8 MPH)
Kazuyuki Yagi scores
Roy Howard to second
Batting: RHB Kennet Knoppert 0-0: Ball
1-0: Ball
2-0: Ground out 4-3 (Groundball, 4, EV 89.4 MPH)
Top of the 2nd over - 1 run, 3 hits, 0 errors, 2 left on base; Shady Side 1 - Athletic Club KC 1
BOTTOM OF THE 2ND
Athletic Club KC U-21 batting - Pitching for Shady Side Zoomies : LHP Jeff Daniel
Batting: RHB Maxime Anderson 0-0: Ball
1-0: Ball
2-0: Foul Ball, location: 2F
2-1: Ground out 5-3 (Groundball, 56S, EV 84.4 MPH)
Batting: RHB Jurrie Nuijs 0-0: Called Strike
0-1: Called Strike
0-2: Ball
1-2: Ball
2-2: Ball
3-2: Base on Balls
Batting: SHB John Richardson 0-0: Swinging Strike
0-1: Swinging Strike
0-2: Strikes out swinging
Batting: RHB Moises Fernán 0-0: Ball
1-0: Called Strike
1-1: Ball
2-1: Ground out 4-3 (Groundball, 4S, EV 76.2 MPH)
Bottom of the 2nd over - 0 runs, 0 hits, 0 errors, 1 left on base; Shady Side 1 - Athletic Club KC 1
TOP OF THE 3RD
Shady Side Zoomies batting - Pitching for Athletic Club KC U-21 : LHP Jorge Rodríguez
Batting: LHB Stan James 0-0: Ball
1-0: Ball
2-0: Foul Ball, location: 2F
2-1: Swinging Strike
2-2: Ball
3-2: Fly out, F8 (Line Drive, 8LD, EV 100.0 MPH)
Batting: LHB Martín Flores 0-0: Ball
1-0: Swinging Strike
1-1: Foul Ball, location: 2F
1-2: Strikes out swinging
Batting: LHB Jeremy Payne 0-0: Ball
1-0: Foul Ball, location: 2F
1-1: Ball
2-1: Foul Ball, location: 2F
2-2: Ball
3-2: Foul Ball, location: 2F
3-2: DOUBLE (Flyball, 8LXD, EV 103.8 MPH)
Batting: RHB Dan Moreno 0-0: Fly out, F6 (Popup, 6M, EV 65.0 MPH)
Top of the 3rd over - 0 runs, 1 hit, 0 errors, 1 left on base; Shady Side 1 - Athletic Club KC 1
BOTTOM OF THE 3RD
Athletic Club KC U-21 batting - Pitching for Shady Side Zoomies : LHP Jeff Daniel
Batting: LHB Arthur Witter 0-0: Ball
1-0: Ball
2-0: Ball
3-0: Base on Balls
Batting: RHB Mitsuoki Imamura 0-0: Ball
1-0: Fielders Choice at 2nd, 3-6 (Groundball, 3, EV 81.9 MPH)
Batting: SHB Katsuya Nomura 0-0: Called Strike
0-1: Ball
1-1: Foul Ball, location: 2F
1-2: Strikes out looking
Batting: LHB Brian Keys 0-0: Swinging Strike
0-1: Ball
1-1: Ball
2-1: Foul Ball, location: 2F
2-2: Strikes out looking
Bottom of the 3rd over - 0 runs, 0 hits, 0 errors, 1 left on base; Shady Side 1 - Athletic Club KC 1
TOP OF THE 4TH
Shady Side Zoomies batting - Pitching for Athletic Club KC U-21 : LHP Jorge Rodríguez
Batting: SHB Kazuyuki Yagi 0-0: Called Strike
0-1: Foul Ball, location: 2F
0-2: Ball
1-2: Ball
2-2: Ball
3-2: DOUBLE (Line Drive, 7LS, EV 98.8 MPH)
Batting: RHB Pedro Marrero 0-0: SINGLE (Flyball, 56D, EV 89.4 MPH)
Kazuyuki Yagi to third
Batting: RHB Roy Howard 0-0: Ball
1-0: Foul Ball, location: 2F
1-1: Called Strike
1-2: Strikes out swinging
Batting: RHB Chad MacLeod 0-0: Fly out, F8 (Flyball, 8LS, EV 92.5 MPH)
Batting: RHB Kennet Knoppert 0-0: Fly out, F9 (Flyball, 9, EV 76.9 MPH)
Top of the 4th over - 0 runs, 2 hits, 0 errors, 2 left on base; Shady Side 1 - Athletic Club KC 1
BOTTOM OF THE 4TH
Athletic Club KC U-21 batting - Pitching for Shady Side Zoomies : LHP Jeff Daniel
Batting: RHB Jake Young 0-0: Ball
1-0: Ground out U3 (Groundball, 3L, EV 110.6 MPH)
Batting: RHB Maxime Anderson 0-0: Fly out, F4 (Popup, 3D, EV 71.9 MPH)
Batting: RHB Jurrie Nuijs 0-0: Swinging Strike
0-1: Fly out, F8 (Line Drive, 8LD, EV 90.0 MPH)
Bottom of the 4th over - 0 runs, 0 hits, 0 errors, 0 left on base; Shady Side 1 - Athletic Club KC 1
TOP OF THE 5TH
Shady Side Zoomies batting - Pitching for Athletic Club KC U-21 : LHP Jorge Rodríguez
Batting: LHB Stan James 0-0: Swinging Strike
0-1: Ball
1-1: Swinging Strike
1-2: Fly out, F3 (Popup, 34, EV 73.8 MPH)
Batting: LHB Martín Flores 0-0: Called Strike
0-1: Ball
1-1: Swinging Strike
1-2: Ball
2-2: Strikes out swinging
Batting: LHB Jeremy Payne 0-0: Swinging Strike
0-1: Foul Ball, location: 2F
0-2: Ball
1-2: Ball
2-2: Strikes out swinging
Top of the 5th over - 0 runs, 0 hits, 0 errors, 0 left on base; Shady Side 1 - Athletic Club KC 1
BOTTOM OF THE 5TH
Athletic Club KC U-21 batting - Pitching for Shady Side Zoomies : LHP Jeff Daniel
Batting: SHB John Richardson 0-0: Ball
1-0: Swinging Strike
1-1: Foul Ball, location: 2F
1-2: Strikes out looking
Batting: RHB Moises Fernán 0-0: Ball
1-0: Ball
2-0: Ball
3-0: Base on Balls
Batting: LHB Arthur Witter 0-0: Ball
1-0: Fielders Choice at 2nd, 6-4 (Groundball, 6, EV 86.9 MPH)
Batting: RHB Mitsuoki Imamura 0-0: Called Strike
0-1: Ball
1-1: Ball
2-1: Foul Ball, location: 2F
2-2: Foul Ball, location: 2F
2-2: Strikes out swinging
Bottom of the 5th over - 0 runs, 0 hits, 0 errors, 1 left on base; Shady Side 1 - Athletic Club KC 1
TOP OF THE 6TH
Shady Side Zoomies batting - Pitching for Athletic Club KC U-21 : LHP Jorge Rodríguez
Batting: RHB Dan Moreno 0-0: Ball
1-0: SINGLE (Line Drive, 3D, EV 94.4 MPH)
Batting: SHB Kazuyuki Yagi 0-0: Sac Bunt to 23 - play at first, batter OUT! 3-4
Dan Moreno to second
Batting: RHB Pedro Marrero 0-0: Swinging Strike
0-1: Ball
1-1: Ball
2-1: Swinging Strike
2-2: Foul Ball, location: 2F
2-2: Strikes out swinging
Batting: RHB Roy Howard 0-0: Ball
1-0: Ball
2-0: Ball
3-0: Base on Balls
Pitching: RHP Jian-cheng Gang
Batting: RHB Chad MacLeod 0-0: Called Strike
0-1: Ball
1-1: Ball
2-1: Foul Ball, location: 2F
2-2: Ball
3-2: Strikes out swinging
Top of the 6th over - 0 runs, 1 hit, 0 errors, 2 left on base; Shady Side 1 - Athletic Club KC 1
BOTTOM OF THE 6TH
Athletic Club KC U-21 batting - Pitching for Shady Side Zoomies : LHP Jeff Daniel
Batting: SHB Katsuya Nomura 0-0: Ball
1-0: Ball
2-0: Called Strike
2-1: Ball
3-1: Called Strike
3-2: Strikes out swinging
Pitching: LHP Bhunandana Lecamwasam
Batting: LHB Brian Keys 0-0: Called Strike
0-1: Swinging Strike
0-2: Ball
1-2: Strikes out looking
Batting: RHB Jake Young 0-0: Ball
1-0: Swinging Strike
1-1: Swinging Strike
1-2: Strikes out swinging
Bottom of the 6th over - 0 runs, 0 hits, 0 errors, 0 left on base; Shady Side 1 - Athletic Club KC 1
TOP OF THE 7TH
Shady Side Zoomies batting - Pitching for Athletic Club KC U-21 : RHP Jian-cheng Gang
Batting: RHB Kennet Knoppert 0-0: Called Strike
0-1: Called Strike
0-2: Strikes out swinging
Batting: LHB Stan James 0-0: Ball
1-0: Called Strike
1-1: Swinging Strike
1-2: Strikes out swinging
Batting: LHB Martín Flores 0-0: Ball
1-0: Swinging Strike
1-1: Ball
2-1: Ball
3-1: Base on Balls
Batting: LHB Jeremy Payne 0-0: Ball
1-0: Foul Ball, location: 2F
1-1: Called Strike
1-2: Fly out, F9 (Flyball, 9LDF, EV 89.4 MPH)
Top of the 7th over - 0 runs, 0 hits, 0 errors, 1 left on base; Shady Side 1 - Athletic Club KC 1
BOTTOM OF THE 7TH
Athletic Club KC U-21 batting - Pitching for Shady Side Zoomies : LHP Bhunandana Lecamwasam
Batting: RHB Maxime Anderson 0-0: Ground out 6-3 (Groundball, 6, EV 86.9 MPH)
Batting: RHB Jurrie Nuijs 0-0: Fly out, F3 (Popup, 3S, EV 86.9 MPH)
Batting: SHB John Richardson 0-0: Fly out, F9 (Flyball, 89M, EV 87.5 MPH)
Bottom of the 7th over - 0 runs, 0 hits, 0 errors, 0 left on base; Shady Side 1 - Athletic Club KC 1
TOP OF THE 8TH
Shady Side Zoomies batting - Pitching for Athletic Club KC U-21 : RHP Jian-cheng Gang
Pitching: RHP Stephen Hicks
Batting: RHB Dan Moreno 0-0: Ball
1-0: Foul Ball, location: 2F
1-1: Fly out, F5 (Line Drive, 5, EV 70.6 MPH)
Batting: SHB Kazuyuki Yagi 0-0: Ball
1-0: SINGLE (Groundball, 34D, EV 98.8 MPH)
Batting: RHB Pedro Marrero 0-0: Called Strike
0-1: Foul Ball, location: 2F
0-2: Ball
1-2: Ball
2-2: Strikes out looking
Batting: RHB Roy Howard 0-0: Ball
1-0: Called Strike
1-1: Ball
2-1: Foul Ball, location: 2F
2-2: Ground out 4-3 (Groundball, 4, EV 99.4 MPH)
Top of the 8th over - 0 runs, 1 hit, 0 errors, 1 left on base; Shady Side 1 - Athletic Club KC 1
BOTTOM OF THE 8TH
Athletic Club KC U-21 batting - Pitching for Shady Side Zoomies : LHP Bhunandana Lecamwasam
Batting: RHB Moises Fernán 0-0: Ball
1-0: Swinging Strike
1-1: Ball
2-1: Ball
3-1: Ground out 5-3 (Groundball, 56S, EV 67.5 MPH)
Batting: LHB Arthur Witter 0-0: Called Strike
0-1: Fly out, F9 (Line Drive, 9D, EV 93.8 MPH)
Batting: RHB Mitsuoki Imamura 0-0: Foul Ball, location: 2F
0-1: Swinging Strike
0-2: Fly out, F8 (Flyball, 89D, EV 97.5 MPH)
Bottom of the 8th over - 0 runs, 0 hits, 0 errors, 0 left on base; Shady Side 1 - Athletic Club KC 1
TOP OF THE 9TH
Shady Side Zoomies batting - Pitching for Athletic Club KC U-21 : RHP Stephen Hicks
Batting: RHB Chad MacLeod 0-0: Ball
1-0: Ball
2-0: Called Strike
2-1: Foul Ball, location: 2F
2-2: Strikes out swinging
Pinch Hitting: LHB Steef Janse 0-0: Ground out 1-3 (Groundball, 34S, EV 75.0 MPH)
Batting: LHB Stan James 0-0: Ball
1-0: Ball
2-0: Foul Ball, location: 2F
2-1: SINGLE (Groundball, 3, EV 86.2 MPH) (infield hit)
Batting: LHB Martín Flores 0-0: Called Strike
0-1: Swinging Strike
0-2: Strikes out swinging
Top of the 9th over - 0 runs, 1 hit, 0 errors, 1 left on base; Shady Side 1 - Athletic Club KC 1
BOTTOM OF THE 9TH
Athletic Club KC U-21 batting - Pitching for Shady Side Zoomies : LHP Bhunandana Lecamwasam
Now in LF: Mike Holmes
Pinch Hitting: LHB Motoki Yamasaki 0-0: Called Strike
0-1: Ball
1-1: Foul Ball, location: 2F
1-2: Ball
2-2: Ball
3-2: Strikes out swinging
Batting: LHB Brian Keys 0-0: Ball
1-0: Foul Ball, location: 2F
1-1: Foul Ball, location: 2F
1-2: Ball
2-2: Ground out 1-3 (Groundball, 34S, EV 86.9 MPH)
Pinch Hitting: LHB Justin Cooper 0-0: Ball
1-0: Called Strike
1-1: Foul Ball, location: 2F
1-2: SINGLE (Line Drive, 89S, EV 100.6 MPH)
Batting: RHB Maxime Anderson 0-0: Ball
1-0: Fly out, F8 (Flyball, 89D, EV 86.9 MPH)
Bottom of the 9th over - 0 runs, 1 hit, 0 errors, 1 left on base; Shady Side 1 - Athletic Club KC 1
TOP OF THE 10TH
Shady Side Zoomies batting - Pitching for Athletic Club KC U-21 : RHP Stephen Hicks
Pitching: RHP Yun-ho Kogai
Now at C: Yun-qi Zhŕo
Now in CF: Justin Cooper
Batting: LHB Jeremy Payne 0-0: Swinging Strike
0-1: Ball
1-1: Foul Ball, location: 2F
1-2: Strikes out swinging
Pinch Hitting: SHB Stanley Good 0-0: Called Strike
0-1: Ball
1-1: Ball
2-1: Swinging Strike
2-2: SOLO HOME RUN (Line Drive, 9LD, EV 111.2 MPH), Distance : 348 ft
Batting: SHB Kazuyuki Yagi 0-0: Foul Ball, location: 2F
0-1: Ground out 5-3 (Groundball, 56, EV 98.1 MPH)
Batting: RHB Pedro Marrero 0-0: Ball
1-0: Ground out 6-3 (Groundball, 6, EV 104.4 MPH)
Top of the 10th over - 1 run, 1 hit, 0 errors, 0 left on base; Shady Side 2 - Athletic Club KC 1
BOTTOM OF THE 10TH
Athletic Club KC U-21 batting - Pitching for Shady Side Zoomies : LHP Bhunandana Lecamwasam
Pitching: RHP Marvello Manalo
Now at 3B: Stanley Good
Batting: RHB Jurrie Nuijs 0-0: Ball
1-0: Called Strike
1-1: Ground out 4-3 (Groundball, 4, EV 101.2 MPH)
Batting: SHB John Richardson 0-0: Called Strike
0-1: Called Strike
0-2: Fly out, F8 (Flyball, 8LD, EV 93.1 MPH)
Pinch Hitting: SHB Chiel Vreke 0-0: Ball
1-0: Ball
2-0: Ball
3-0: Called Strike
3-1: Fly out, F7 (Flyball, 7LS, EV 95.6 MPH)
Bottom of the 10th over - 0 runs, 0 hits, 0 errors, 0 left on base; Shady Side 2 - Athletic Club KC 1
Friday, March 26th, 2021 - OOTP Baseball 20.8 Build 74